 Dungeon Crawl Stone Soup version 0.31-a0-277-g31ea1f65cc (webtiles) character file.

Game seed: 16145100407547552276

389 HallandMoats the Trooper (level 6, -3/51 HPs)
             Began as a Demonspawn Fighter on July 15, 2023.
             Slain by an ogre
             ... wielding a +0 giant spiked club
              (21 damage)
             ... on level 4 of the Dungeon.
             The game lasted 00:05:05 (2380 turns).

HallandMoats the Trooper (Demonspawn Fighter)       Turns: 2380, Time: 00:05:06

Health: -3/51      AC:  9    Str: 23    XL:     6   Next: 49%
Magic:  6/6        EV: 14    Int: 11    God:
Gold:   128        SH:  5    Dex: 12    Spells: 5/5 levels left

rFire   . . .        r - +5 club
rCold   . . .        c - +0 buckler
rNeg    . . .        b - +0 scale mail
rPois   .            (no helmet)
rElec   .            m - +0 cloak
rCorr   .            (no gloves)
SInv    .            (no boots)
Will    .....        (no amulet) Stlth
                     q - +6 ring of strength
HPRegen 0.28/turn    d - +5 ring of evasion
MPRegen 0.10/turn

%: no passive effects
@: no status effects
A: slimy green scales 1, demonic touch 2
a: no special abilities


You were on level 4 of the Dungeon.
You visited 1 branch of the dungeon, and saw 4 of its levels.

You collected 128 gold pieces.

Inventory:

Hand Weapons
 a - a +2 hand axe of pain
 r - a +5 club (weapon)
Missiles
 o - a throwing net
Armour
 b - a +0 scale mail (worn)
 c - a +0 buckler (worn)
 m - a +0 cloak (worn)
Jewellery
 d - a +5 ring of evasion (right hand)
 g - a ring of ice
 q - a +6 ring of strength (left hand)
Scrolls
 f - 5 scrolls of identify {unknown}
 h - 2 scrolls of poison {unknown}
 l - 2 scrolls of revelation {unknown}
 p - a scroll of vulnerability {unknown}
 s - a scroll of acquirement {unknown}
Potions
 e - 3 potions of haste {unknown}
 i - 2 potions of attraction {unknown}
 j - a potion of ambrosia {unknown}
 k - a potion of resistance {unknown}
 n - 2 potions of heal wounds {unknown}


   Skills:
 * Level 5.6 Fighting
 + Level 3.4 Axes
 - Level 2.6 Armour
 + Level 4.0 Shields


You had 5 spell levels left.
You didn't know any spells.
Your spell library contained the following spells:

 Spells                   Type           Power      Damage    Failure   Level
 Sublimation of Blood     Necr           0%         N/A       86%         2
 Wereblood                Tmut           0%         N/A       86%         2
 Summon Hydra             Summ           0%         N/A       100%        7


Dungeon Overview and Level Annotations

Branches:
Dungeon (4/15)
 Temple: D:4-7

Altars:
Gozag
Kikubaaqudgha
Sif Muna

Shops:
D:2 [


Innate Abilities, Weirdness & Mutations

You are partially covered in slimy green scales. (AC +2)
Your touch may inflict irresistible damage on your foes.


Message History

The hound stops to sniff the ground.
You block the hound's attack.
You closely miss the hound.
The hound is moderately wounded.
The hound closely misses you. The hound barely misses you.
You hit the hound.
The hound is heavily wounded.
The hound bites you but does no damage. The hound misses you.
You hit the hound.
The hound is severely wounded.
The hound barely misses you. x2
You closely miss the hound.
The hound is severely wounded.
The hound completely misses you.
The hound pauses to sniff the ground.
The hound closely misses you.
You hit the hound.
The hound is almost dead.
The hound bites you but does no damage.
You barely miss the hound.
The hound is almost dead.
You block the hound's attack. The hound bites you but does no damage.
You hit the hound.
You kill the hound!
The ogre hits you with a +0 giant spiked club.
You hit the ogre.
The ogre is lightly wounded.
You hit the ogre.
The ogre is lightly wounded.
The ogre hits you with a +0 giant spiked club!
You hit the ogre.
The ogre is moderately wounded.
The ogre misses you.
You sock the ogre!
The ogre is heavily wounded.
The ogre hits you with a +0 giant spiked club!!
You hit the ogre.
The ogre is heavily wounded.
The ogre hits you with a +0 giant spiked club!!
You die...

...#...<.......###
.........$.......#
.................#
.....#...O.......#
.....#.h.........#
.h.....####.######
...>.## #K# .....
#O# ... #@# .. #.#
..# ..## #.# #. #.
#


You could see an ogre and a kobold.

Vanquished Creatures
  Grinder (D:3)
  A hound (D:4)
  Jessica (D:3)
  An orc wizard (D:3)
  4 adders
  A worm (D:2)
  3 dart slugs
  7 orcs
  6 ball pythons
  3 bats (D:1)
  5 endoplasms
  3 giant cockroaches
  6 goblins
  4 hobgoblins
  5 jackals
  5 kobolds
  4 quokkas
  2 frilled lizards (D:2)
  7 rats
69 creatures vanquished.

Notes
Turn   | Place    | Note
-------+----------+-------------------------------------------
     0 | D:1      | HallandMoats the Demonspawn Fighter began the quest for the
                  | Orb.
     0 | D:1      | Reached XP level 1. HP: 18/18 MP: 1/1
    87 | D:1      | Gained mutation: Your touch may inflict minor irresistible
                  | damage on your foes. [demonic ancestry]
    87 | D:1      | Reached XP level 2. HP: 24/24 MP: 2/2
   497 | D:1      | Gained mutation: Your touch may inflict irresistible damage
                  | on your foes. [demonic ancestry]
   497 | D:1      | Reached XP level 3. HP: 24/30 MP: 3/3
   931 | D:2      | Found Tipt's Antique Armour Boutique.
  1104 | D:2      | Reached skill level 4 in Fighting
  1158 | D:2      | Reached XP level 4. HP: 27/37 MP: 4/4
  1219 | D:2      | Found an opulent altar of Gozag.
  1383 | D:2      | Identified the +0 robe "Symu" {Harm}
  1738 | D:3      | Found an ancient bone altar of Kikubaaqudgha.
  1753 | D:3      | Noticed Grinder
  1762 | D:3      | Killed Grinder
  1763 | D:3      | Reached skill level 5 in Fighting
  1763 | D:3      | Gained mutation: You are partially covered in slimy green
                  | scales. (AC +2) [demonic ancestry]
  1763 | D:3      | Reached XP level 5. HP: 25/44 MP: 5/5
  1763 | D:3      | Reached XP level 6. HP: 29/51 MP: 6/6
  1847 | D:3      | Noticed Jessica
  1853 | D:3      | Killed Jessica
  2132 | D:3      | Found a faded altar of an unknown god.
  2317 | D:3      | Found a shimmering blue altar of Sif Muna.
  2380 | D:4      | Slain by an ogre

Illustrated notes

Levels and vault maps discovered:
D:1:      shiori_arrival_maze, layout_rooms
D:2:      layout_basic, basic_altar, serial_shops, shop_fountains
D:3:      layout_rooms, kiku_gazebo_garden_becter, lemuel_blue_sif_altar,
          shapermc_ecumenical_altar_venn, st_stairs_14, wad_orctagon,
          uniq_grinder, uniq_jessica
D:4:      layout_rooms, mainiacjoe_overflow_six_doors_small, serial_shops,
          nicolae_shop_peninsula, nicolae_shop_self_help

Skill      XL: |  1  2  3  4  5  6 |
---------------+-------------------+-----
Axes           | 2 3 |  3.4
Shields        | 3 4 |  4.0
Fighting       | 4 5 |  5.6
Armour         | |  2.6

Action                     |  1- 3 |  4- 6 || total
---------------------------+-------+-------++-------
  Melee: War axe           |    44 |       ||    44
         Hand axe          |    56 |    34 ||    90
         Club              |       |    61 ||    61
    Use: Potion            |       |     1 ||     1
 Armour: Scale mail        |    73 |    38 ||   111
  Dodge: Dodged            |    55 |    58 ||   113
  Block: Buckler           |    25 |    20 ||    45

Table legend: (Time is in decaauts)
 A = Elapsed time spent in this place.
 B = Non-inter-level travel time spent in this place.
 C = Inter-level travel time spent in this place.
 D = Time resting spent in this place.
 E = Time spent auto-exploring this place.
 F = Levels seen in this place.
 G = Mean time per level.
                   A        B        C        D        E       F      G
               +--------+--------+--------+--------+--------+-----+--------+
         Total |   2431 |   2383 |     48 |     84 |   1597 |   4 |  607.8 |
       Dungeon |   2431 |   2383 |     48 |     84 |   1597 |   4 |  607.8 |
               +--------+--------+--------+--------+--------+-----+--------+

Top non-repeatable levels by time:
     D:2: 839 daAuts
     D:3: 802 daAuts
     D:1: 754 daAuts
     D:4: 34 daAuts
